 Dungeon Crawl Stone Soup version 0.29-a0-1043-g569b05d6ff (webtiles) character file.

Game seed: 16991154646106939248

5626 spaghetti the Protected (level 10, -24/98 HPs)
             Began as a Naga Berserker on Aug 15, 2022.
             Was a Priest of Trog.
             Annihilated by a death yak (30 damage)
             ... on level 8 of the Dungeon.
             The game lasted 00:13:05 (10032 turns).

spaghetti the Protected (Naga Berserker)           Turns: 10032, Time: 00:13:05

Health: -24/98     AC:  8    Str: 27 (28) XL:     10   Next: 74%
Magic:  10/10      EV:  8    Int:  6 (7)  God:    Trog [***...]
Gold:   442        SH:  7    Dex: 13 (15) Spells: 9/9 levels left

rFire   + . .      SeeInvis +   l - +8 trident of the Octopus King {venom, rElec rPois, polearm}
rCold   + . .      Faith    .   e - +0 kite shield
rNeg    . . .      Spirit   .   n - +2 leather armour {Will+}
rPois   +          Reflect  .   J - +0 hat
rElec   +          Harm     +   j - scarf {harm}
rCorr   +          Rampage  .   (no gloves)
Will    ++...                   (no barding)
Stlth   +.........              t - amulet of magic regeneration {@e2}
HPRegen 0.26/turn               r - +6 ring of strength
MPRegen 0.52/turn               (no ring)

@: brilliant, resistant, on berserk cooldown, flying, slowed, unable to read,
very slow
A: AC +3, large, see invisible, deformed body, poison resistance, slowness 2,
spit poison 1, naga tail 1, agile 1, passive freeze, inability to read after
injury 1
a: Spit Poison, Renounce Religion, Berserk, Trog's Hand


You were on level 8 of the Dungeon.
You worshipped Trog.
Trog was most pleased with you.
You visited 1 branch of the dungeon, and saw 8 of its levels.

You collected 466 gold pieces.
You spent 24 gold pieces at shops.


Innate Abilities, Weirdness & Mutations

Your serpentine skin is tough. (AC +3)
You have supernaturally acute eyesight. (SInv)
Armour fits poorly on your strangely shaped body.
Your system is resistant to poisons. (rPois)
You cover ground very slowly.
You can spit poison.
You have a snake-like lower body.
You are agile. (Dex +4, Str/Int -1)
A frigid envelope surrounds you and freezes all who hurt you.
You occasionally lose the ability to read scrolls when taking damage.


   Skills:
 + Level 8.5 Fighting
 + Level 7.0 Ranged Weapons
 * Level 9.4 Armour
 - Level 1.5 Dodging
 - Level 3.5 Unarmed Combat


You had 9 spell levels left.
You didn't know any spells.
Your spell library contained the following spells:

 Spells                   Type           Power      Damage    Failure   Level
 Ensorcelled Hibernation  Hex/Ice        0%         N/A       92%         2
 Passwall                 Tmut/Erth      0%         N/A       92%         2
 Swiftness                Air            0%         N/A       99%         3

Inventory:

Hand Weapons
 l - the +8 trident of the Octopus King (weapon) {venom, rElec rPois, polearm}
   (You found it on level 3 of the Dungeon)

   It poisons the flesh of those it strikes.
   rElec:     It insulates you from electricity.
   rPois:     It protects you from poison.
Missiles
 c - 59 stones {throwing}
 m - 5 boomerangs {throwing}
 p - 12 poisoned darts {throwing}
 x - 2 throwing nets {=f!fthrowing}
 D - 3 atropa-tipped darts {throwing}
Armour
 a - a +0 animal skin
 e - a +0 kite shield (worn)
   (You found it on level 1 of the Dungeon)
 j - a scarf of harm (worn)
   (You found it on level 2 of the Dungeon)
 n - a +2 leather armour of willpower (worn)
   (You took it off an orc on level 3 of the Dungeon)
 J - a +0 hat (worn)
   (You took it off Gastronok on level 8 of the Dungeon)
Magical Staves
 o - a staff of conjuration {forbidden!a@e2staff}
   (You found it on level 3 of the Dungeon)
 B - a staff of poison {forbidden!astaff}
   (You found it on level 5 of the Dungeon)
 H - a staff of air {forbidden!astaff}
   (You found it on level 7 of the Dungeon)
Jewellery
 r - a +6 ring of strength (left hand)
   (You found it on level 6 of the Dungeon)
 t - an amulet of magic regeneration (around neck) {@e2}
   (You found it on level 4 of the Dungeon)
 w - a ring of resist corrosion
   (You found it on level 5 of the Dungeon)
Wands
 s - a wand of mindburst (13)
   (You found it on level 6 of the Dungeon)
 y - a wand of polymorph (7)
   (You found it on level 8 of the Dungeon)
 G - a wand of light (8)
   (You took it off Dowan on level 7 of the Dungeon)
Scrolls
 b - 8 scrolls of teleportation {@r4}
 d - a scroll of silence {!r}
 f - 2 scrolls of fear
 g - 3 scrolls of brand weapon
 i - a scroll of butterflies
 u - 2 scrolls of immolation {!r!r}
 v - a scroll of magic mapping {!r}
 F - a scroll of enchant armour
 K - a scroll of enchant weapon
Potions
 h - 6 potions of curing {@q1}
 k - a potion of mutation {!q}
 A - a potion of flight
 I - a potion of magic {unknown}

Dungeon Overview and Level Annotations

Branches:
Dungeon (8/15) Zot: 26039  Temple (0/1) D:5            Lair (0/5) D:8

Altars:
Ashenzari
Cheibriados

Shops:
D:1 [*?( D:4

= ##.##### #......# .
#..###.# .. #..# #.# ...
##..# #.# # >... #.#.#
#.### ..... ##..###.##.
....YY#########...##.#..
.)..YYY@.............'..
.....##########...####<.
... ##.)## ##. . #..##
## #.## # #.# #.# #.# #
#.#########


You could see 2 death yaks and 3 yaks.


Message History

Your skin crawls.
You feel strong-willed. The death yak gores you.
Unknown command.
Unknown command.
A red film seems to cover your vision as you go berserk!
You feel yourself moving faster!
You feel mighty! The death yak gores you! 😮 HP[+28]
You now have 144 max hp (+48).
You regained 28 hp, and now have 102/144 hp.
You hit the death yak.
The death yak looks as sick as possible!
The death yak gores you but does no damage. 😮 HP[+2]
You regained 2 hp, and now have 104/144 hp.
You impale the death yak!!
The death yak gores you but does no damage. 😮 HP[+1]
You puncture the death yak!
The death yak looks as sick as possible!
The death yak gores you.
You puncture the death yak!
You kill the death yak!
Trog accepts your kill.
Your Ranged Weapons skill increases to level 7! 😮 HP[+3]
You now have 147 max hp (+3).
You regained 3 hp, and now have 108/147 hp.
You completely miss the yak. The yak gores you. 😮 HP[-6]
You take 6 damage, and now have 102/147 hp.
You impale the yak!!
The yak gores you but does no damage. 😮 HP[+2]
You regained 2 hp, and now have 104/147 hp.
You hit the yak. The yak closely misses you.
The yak snorts and paws the ground. 😮 HP[+1]
You puncture the yak!
You kill the yak!
Trog accepts your kill. 😮 HP[+2]
You regained 2 hp, and now have 107/147 hp.
You puncture the death yak!
The death yak is poisoned.
The death yak gores you.
You hit the death yak.
The death yak looks as sick as possible!
You are no longer berserk.
You are exhausted.
You feel yourself slow down. The death yak gores you!!
* * * LOW HITPOINT WARNING * * *
😨 HP[-60]
You now have 98 max hp (-49).
You take 60 damage, and now have 47/98 hp.
MASSIVE DAMAGE!! (PAUSE)
Okay, then.
It was a potion of mutation.
You feel extremely strange.
You occasionally lose the ability to read scrolls when taking damage.
Your skin feels very cold.
You feel agile.
The death yak completely misses you. 😨 HP[+2]
You regained 2 hp, and now have 49/98 hp.
It was a potion of resistance.
You feel protected.
The death yak gores you but does no damage.
The death yak is very cold.
You block the death yak's attack. 😮 HP[+2]
You regained 2 hp, and now have 51/98 hp.
It was a potion of degeneration.
There was something very wrong with that liquid.
You feel weakened.
You feel dopey.
You feel clumsy.
You feel the effects of Trog's Hand fading.
You block the death yak's attack. 😮 HP[+2]
You regained 2 hp, and now have 53/98 hp.
It was a potion of flight.
You feel very buoyant.
You fly up into the air.
The death yak gores you!
You feel threatened and lose the ability to read scrolls!
* * * LOW HITPOINT WARNING * * *
The death yak is very cold.
The death yak gores you!
* * * LOW HITPOINT WARNING * * *
The death yak is very cold. 😱 HP[-32]
You take 32 damage, and now have 21/98 hp.
MASSIVE DAMAGE!! (PAUSE)
You cannot read scrolls in your current state!
Unknown command.
It was a potion of brilliance.
You feel clever all of a sudden. The death yak gores you.
* * * LOW HITPOINT WARNING * * *
The death yak is very cold. 😱 HP[+1] It was a potion of berserk rage.
You're still recovering from your berserk rage.
Your skin stops crawling.
You feel less strong-willed. The death yak gores you!
* * * LOW HITPOINT WARNING * * *
The death yak is very cold.
The death yak gores you!!
You die...

Skill      XL: |  1  2  3  4  5  6  7  8  9 10 |
---------------+-------------------------------+-----
Ranged Weapons | 1 2 4 6 7 |  7.0
Armour         | 2 3 4 5 6 8 9 |  9.4
Fighting       | 4 5 6 7 8 |  8.5
Dodging        | |  1.5
Unarmed Combat | |  3.5

Action                   |  1- 3 |  4- 6 |  7- 9 | 10-12 || total
-------------------------+-------+-------+-------+-------++-------
Melee: Unarmed           |   118 |       |       |       ||   118
       Trident           |     8 |    64 |   146 |    58 ||   276
Throw: Dart              |       |     1 |       |       ||     1
Invok: Berserk           |       |     2 |     4 |     1 ||     7
       Trog's Hand       |       |       |     1 |     1 ||     2
 Abil: Spit Poison       |     2 |     1 |     1 |       ||     4
  Use: Scroll            |     3 |       |     9 |     3 ||    15
       Potion            |       |       |       |     6 ||     6
 Stab: Sleeping          |     2 |     1 |       |       ||     3
Armor: Animal skin       |    15 |     2 |       |       ||    17
       Leather armour    |       |    10 |    51 |    28 ||    89
Dodge: Dodged            |    38 |    20 |    59 |    22 ||   139
Block: Kite shield       |    23 |    19 |    62 |    17 ||   121

Levels and vault maps discovered:
D:1:      lightli_arrival_statue_moat, layout_loops_ring,
          nicolae_ecumenical_snake_handling, serial_shops, shop, shop_coins,
          shop, shop, nrook_mini_backslash
D:2:      layout_loops_corners
D:3:      layout_loops_cross, mainiacjoe_overflow_big_doors, minmay_bisected
D:4:      layout_basic, serial_shops, shop, nicolae_zen_rock_garden
D:5:      layout_gridville, temple_doors_e, kb_lookout_dungeons_type
D:6:      layout_layer_cave, serial_bayou, serial_bayou_shore_b,
          serial_bayou_shore_a, serial_bayou_pond_b, serial_bayou_shore_b,
          item_on_display_a
D:7:      layout_rooms, uniq_pikel, uniq_duvessa
D:8:      minmay_inner_zag, layout_loops_corners, dpeg_lair_monsters,
          serial_shops, nicolae_stop_n_shop_2, uniq_gastronok

Notes
Turn   | Place    | Note
-------+----------+-------------------------------------------
     0 | D:1      | spaghetti the Naga Berserker began the quest for the Orb.
     0 | D:1      | Reached XP level 1. HP: 21/21 MP: 1/1
     0 | D:1      | magus.rc [v1.9.6]
   204 | D:1      | Found a faded altar of an unknown god.
   260 | D:1      | Found Hyetsuk's Weapon Boutique.
   298 | D:1      | Found Ziohys's Antique Armour Shop.
   311 | D:1      | Reached XP level 2. HP: 23/28 MP: 2/2
   538 | D:1      | Found Ruosar's Magic Scroll Emporium.
   557 | D:1      | Bought a scroll of identify for 24 gold pieces
   716 | D:1      | Found Riutyd's Assorted Antiques.
   997 | D:1      | Reached ** piety under Trog
  1307 | D:1      | Reached XP level 3. HP: 34/34 MP: 3/3
  2026 | D:2      | Reached skill level 1 in Ranged Weapons
  3091 | D:3      | Found the +8 trident of the Octopus King {venom, rElec
                  | rPois}
  3191 | D:3      | Reached skill level 2 in Armour
  3234 | D:3      | Found a broken altar of Ashenzari.
  3239 | D:3      | Found a snail-covered altar of Cheibriados.
  3309 | D:3      | Reached XP level 4. HP: 44/44 MP: 4/4
  3522 | D:3      | HP: 11/44 [poisoned by an adder]
  3839 | D:3      | Reached XP level 5. HP: 50/50 MP: 5/5
  3842 | D:3      | Aim: a gnoll, wielding a +0 spear (about 31% to evade the
                  | +8 trident of the Octopus King)
  3842 | D:3      | Aim: a gnoll, wielding a +0 spear (about 31% to evade the
                  | +8 trident of the Octopus King)
  3843 | D:3      | Aim: a gnoll, wielding a +0 spear (about 31% to evade the
                  | +8 trident of the Octopus King)
  3843 | D:3      | Aim: a gnoll, wielding a +0 spear (about 31% to evade the
                  | +8 trident of the Octopus King)
  3844 | D:3      | Reached skill level 4 in Fighting
  3844 | D:3      | Aim: a gnoll, wielding a +0 spear (about 31% to evade the
                  | +8 trident of the Octopus King)
  3844 | D:3      | Aim: a gnoll, wielding a +0 spear (about 31% to evade the
                  | +8 trident of the Octopus King)
  3845 | D:3      | Aim: a gnoll, wielding a +0 spear (about 31% to evade the
                  | +8 trident of the Octopus King)
  3845 | D:3      | Aim: a gnoll, wielding a +0 spear (about 31% to evade the
                  | +8 trident of the Octopus King)
  4248 | D:4      | You pick up a book of Burglary {forbidden} and begin
                  | reading...
  4248 | D:4      | You add the spells Passwall, Ensorcelled Hibernation and
                  | Swiftness to your library.
  4304 | D:4      | Reached skill level 2 in Ranged Weapons
  4304 | D:4      | Reached skill level 3 in Armour
  4387 | D:4      | Found Necli's Jewellery Boutique.
  4391 | D:4      | Reached XP level 6. HP: 57/57 MP: 6/6
  4609 | D:4      | Reached *** piety under Trog
  4956 | D:5      | Entered Level 5 of the Dungeon
  4959 | D:5      | Aim: an orc, wielding a +0 short sword and wearing a +0
                  | chain mail (about 28% to evade the +8 trident of the
                  | Octopus King)
  4959 | D:5      | Aim: an orc, wielding a +0 short sword and wearing a +0
                  | chain mail (about 28% to evade the +8 trident of the
                  | Octopus King)
  4960 | D:5      | Aim: a gnoll, wielding a +0 club (covering ground quickly,
                  | about 31% to evade the +8 trident of the Octopus King)
  4960 | D:5      | Aim: a gnoll, wielding a +0 club (covering ground quickly,
                  | about 31% to evade the +8 trident of the Octopus King)
  4961 | D:5      | Aim: a gnoll, wielding a +0 spear (covering ground quickly,
                  | about 31% to evade the +8 trident of the Octopus King)
  4961 | D:5      | Aim: a gnoll, wielding a +0 spear (covering ground quickly,
                  | about 31% to evade the +8 trident of the Octopus King)
  4962 | D:5      | Aim: a gnoll bouda, wielding a +0 club and wearing a +0
                  | leather armour (about 31% to evade the +8 trident of the
                  | Octopus King)
  4962 | D:5      | Aim: a gnoll bouda, wielding a +0 club and wearing a +0
                  | leather armour (about 31% to evade the +8 trident of the
                  | Octopus King)
  5161 | D:5      | Reached skill level 4 in Armour
  5161 | D:5      | Reached XP level 7. HP: 59/66 MP: 7/7
  5161 | D:5      | Aim: a centaur, wielding a +0 shortbow (about 24% to evade
                  | the +8 trident of the Octopus King)
  5161 | D:5      | Aim: a centaur, wielding a +0 shortbow (about 24% to evade
                  | the +8 trident of the Octopus King)
  5162 | D:5      | Reached skill level 3 in Ranged Weapons
  5163 | D:5      | Noticed a two-headed ogre
  5287 | D:5      | HP: 22/99 [two-headed ogre/+0 giant spiked club (30)]
  5289 | D:5      | Killed a two-headed ogre
  5290 | D:5      | Reached skill level 5 in Fighting
  5290 | D:5      | Reached skill level 4 in Ranged Weapons
  5290 | D:5      | Reached skill level 5 in Armour
  5290 | D:5      | Reached XP level 8. HP: 26/76 MP: 8/8
  5290 | D:5      | Aim: a gnoll, wielding a +0 club (about 31% to evade the +8
                  | trident of the Octopus King)
  5290 | D:5      | Aim: a gnoll, wielding a +0 club (about 31% to evade the +8
                  | trident of the Octopus King)
  5591 | D:5      | Aim: a centaur, wielding a +0 shortbow (lightly wounded,
                  | ally target, about 24% to evade the +8 trident of the
                  | Octopus King)
  5591 | D:5      | Aim: a centaur, wielding a +0 shortbow (lightly wounded,
                  | ally target, about 24% to evade the +8 trident of the
                  | Octopus King)
  5592 | D:5      | Aim: a centaur, wielding a +0 dagger (lightly wounded, ally
                  | target, about 24% to evade the +8 trident of the Octopus
                  | King)
  5592 | D:5      | Aim: a centaur, wielding a +0 dagger (lightly wounded, ally
                  | target, about 24% to evade the +8 trident of the Octopus
                  | King)
  5593 | D:5      | Aim: a centaur, wielding a +0 dagger (lightly wounded, ally
                  | target, about 24% to evade the +8 trident of the Octopus
                  | King)
  5593 | D:5      | Aim: a centaur, wielding a +0 dagger (lightly wounded, ally
                  | target, about 24% to evade the +8 trident of the Octopus
                  | King)
  5595 | D:5      | Aim: a centaur, wielding a +0 shortbow (ally target, about
                  | 24% to evade the +8 trident of the Octopus King)
  5595 | D:5      | Aim: a centaur, wielding a +0 shortbow (ally target, about
                  | 24% to evade the +8 trident of the Octopus King)
  5701 | D:5      | Reached skill level 6 in Fighting
  5746 | D:5      | Reached skill level 6 in Armour
  5905 | D:5      | Aim: a gnoll, wielding a +0 halberd (about 30% to evade the
                  | +8 trident of the Octopus King)
  5905 | D:5      | Aim: a gnoll, wielding a +0 halberd (about 30% to evade the
                  | +8 trident of the Octopus King)
  5906 | D:5      | Aim: a gnoll, wielding a +0 halberd (severely wounded, very
                  | poisoned, about 30% to evade the +8 trident of the Octopus
                  | King)
  5906 | D:5      | Aim: a gnoll, wielding a +0 halberd (severely wounded, very
                  | poisoned, about 30% to evade the +8 trident of the Octopus
                  | King)
  5907 | D:5      | Aim: a gnoll sergeant, wielding a +1 trident of protection
                  | and wearing a +0 ring mail (about 27% to evade the +8
                  | trident of the Octopus King)
  5907 | D:5      | Aim: a gnoll sergeant, wielding a +1 trident of protection
                  | and wearing a +0 ring mail (about 27% to evade the +8
                  | trident of the Octopus King)
  5908 | D:5      | Aim: a gnoll sergeant, wielding a +1 trident of protection
                  | and wearing a +0 ring mail (almost dead, extremely
                  | poisoned, about 27% to evade the +8 trident of the Octopus
                  | King)
  5908 | D:5      | Aim: a gnoll sergeant, wielding a +1 trident of protection
                  | and wearing a +0 ring mail (almost dead, extremely
                  | poisoned, about 27% to evade the +8 trident of the Octopus
                  | King)
  5909 | D:5      | Aim: a gnoll, wielding a +0 halberd (about 30% to evade the
                  | +8 trident of the Octopus King)
  5909 | D:5      | Aim: a gnoll, wielding a +0 halberd (about 30% to evade the
                  | +8 trident of the Octopus King)
  5910 | D:5      | Aim: a gnoll, wielding a +0 halberd (about 30% to evade the
                  | +8 trident of the Octopus King)
  5910 | D:5      | Aim: a gnoll, wielding a +0 halberd (about 30% to evade the
                  | +8 trident of the Octopus King)
  6121 | D:5      | Found a staircase to the Ecumenical Temple.
  6346 | D:5      | Reached XP level 9. HP: 85/85 MP: 9/9
  6535 | D:6      | Aim: an orc, wielding a +0 dagger and wearing a +0 ring
                  | mail (about 30% to evade the +8 trident of the Octopus
                  | King)
  6535 | D:6      | Aim: an orc, wielding a +0 dagger and wearing a +0 ring
                  | mail (about 30% to evade the +8 trident of the Octopus
                  | King)
  6536 | D:6      | Aim: an orc, wielding a +0 dagger and wearing a +0 ring
                  | mail (about 30% to evade the +8 trident of the Octopus
                  | King)
  6536 | D:6      | Aim: an orc, wielding a +0 dagger and wearing a +0 ring
                  | mail (about 30% to evade the +8 trident of the Octopus
                  | King)
  6537 | D:6      | Aim: an orc warrior, wielding a +0 trident and wearing a +0
                  | chain mail (about 36% to evade the +8 trident of the
                  | Octopus King)
  6537 | D:6      | Aim: an orc warrior, wielding a +0 trident and wearing a +0
                  | chain mail (about 36% to evade the +8 trident of the
                  | Octopus King)
  6538 | D:6      | Aim: an orc warrior, wielding a +0 trident and wearing a +0
                  | chain mail (moderately wounded, very poisoned, about 36% to
                  | evade the +8 trident of the Octopus King)
  6538 | D:6      | Aim: an orc warrior, wielding a +0 trident and wearing a +0
                  | chain mail (moderately wounded, very poisoned, about 36% to
                  | evade the +8 trident of the Octopus King)
  6539 | D:6      | Reached skill level 5 in Ranged Weapons
  6539 | D:6      | Aim: an orc, wielding a +0 short sword and wearing a +0
                  | ring mail (about 30% to evade the +8 trident of the Octopus
                  | King)
  6539 | D:6      | Aim: an orc, wielding a +0 short sword and wearing a +0
                  | ring mail (about 30% to evade the +8 trident of the Octopus
                  | King)
  6541 | D:6      | Aim: an ogre, wielding a +0 giant club (about 21% to evade
                  | the +8 trident of the Octopus King)
  6541 | D:6      | Aim: an ogre, wielding a +0 giant club (about 21% to evade
                  | the +8 trident of the Octopus King)
  6542 | D:6      | Aim: an ogre, wielding a +0 giant club (about 21% to evade
                  | the +8 trident of the Octopus King)
  6542 | D:6      | Aim: an ogre, wielding a +0 giant club (about 21% to evade
                  | the +8 trident of the Octopus King)
  6679 | D:6      | Reached skill level 7 in Armour
  7397 | D:6      | Reached skill level 7 in Fighting
  8577 | D:7      | Noticed Pikel
  8582 | D:7      | Killed Pikel
  8672 | D:7      | Noticed Dowan
  8672 | D:7      | Noticed Duvessa
  8678 | D:7      | Killed Dowan
  8683 | D:7      | Killed Duvessa
  8684 | D:7      | Reached skill level 8 in Armour
  8687 | D:7      | Reached skill level 6 in Ranged Weapons
  8873 | D:7      | Reached XP level 10. HP: 94/94 MP: 10/10
  9000 | D:7      | Reached **** piety under Trog
  9240 | D:8      | Noticed Gastronok
  9247 | D:8      | Killed Gastronok
  9248 | D:8      | Reached skill level 8 in Fighting
  9248 | D:8      | Reached skill level 9 in Armour
 10011 | D:8      | Noticed a death yak
 10012 | D:8      | Noticed a death yak
 10013 | D:8      | Found a staircase to the Lair.
 10013 | D:8      | Noticed a death yak
 10020 | D:8      | Killed a death yak
 10021 | D:8      | Reached skill level 7 in Ranged Weapons
 10027 | D:8      | Gained mutation: You occasionally lose the ability to read
                  | scrolls when taking damage. [potion of mutation]
 10027 | D:8      | Gained mutation: A frigid envelope surrounds you and
                  | freezes all who hurt you. [potion of mutation]
 10027 | D:8      | Gained mutation: You are agile. (Dex +4, Str/Int -1)
                  | [potion of mutation]
 10030 | D:8      | HP: 21/98 [death yak (14)]
 10032 | D:8      | HP: 6/98 [death yak (16)]
 10032 | D:8      | Annihilated by a death yak

Vanquished Creatures
  Gastronok (D:8)
  A two-headed ogre (D:5)
  A death yak (D:8)
  Pikel (D:7)
  A yak (D:8)
  A water moccasin (D:5)
  Duvessa (D:7)
  2 ice beasts (D:7)
  3 sky beasts
  A black bear (D:6)
  2 ogres (D:6)
  An orc warrior (D:6)
  4 centaurs
  3 phantoms
  A gnoll sergeant (D:5)
  7 scorpions
  Dowan (D:7)
  A howler monkey (D:6)
  3 hounds
  A jelly (D:4)
  2 orc priests
  An iguana (D:6)
  3 gnoll boudas
  2 orc wizards
  8 adders
  22 gnolls
  2 shadow imps
  A white imp (D:6)
  A worm (D:2)
  20 orcs
  5 endoplasms
  2 giant cockroaches
  10 goblins
  7 hobgoblins
  4 kobolds
  3 quokkas
  9 ball pythons
  4 bats
  A frilled lizard (D:1)
  3 rats
147 creatures vanquished.

Vanquished Creatures (others)
  A plant (D:6)
1 creature vanquished.

Grand Total: 148 creatures vanquished

Table legend:
 A = Non-vault XP
 B = Vault XP
 C = Vault XP percentage of total XP
 D = Non-vault monster count
 E = Vault monster count
 F = Vault count percentage of total count
                 A         B        C        D         E       F
            +---------+---------+-------+---------+---------+-------
      Total |    4387 |    3651 |  45.4 |     132 |      15 |  10.2
            +---------+---------+-------+---------+---------+-------
        D:1 |      31 |       3 |   8.8 |      19 |       3 |  13.6
        D:2 |      40 |       0 |   0.0 |      13 |       0 |   0.0
        D:3 |     132 |       5 |   3.6 |      15 |       2 |  11.8
        D:4 |     333 |       0 |   0.0 |      19 |       0 |   0.0
        D:5 |    1803 |     108 |   5.7 |      27 |       1 |   3.6
        D:6 |     903 |     161 |  15.1 |      24 |       3 |  11.1
        D:7 |     849 |     836 |  49.6 |       9 |       3 |  25.0
        D:8 |     296 |    2538 |  89.6 |       6 |       3 |  33.3
            +---------+---------+-------+---------+---------+-------

Illustrated notes

Table legend:
 A = Kills in this place as a percentage of kills in entire the game.
 B = Kills by you in this place as a percentage of kills by you in the entire game.
 C = Kills by friends in this place as a percentage of kills by friends in the entire game.
 D = Other kills in this place as a percentage of other kills in the entire game.
 E = Experience gained in this place as a percentage of experience gained in the entire game.
 F = Experience gained in this place divided by the number of levels of this place that you have seen.
                   A       B       C       D       E      F
               +-------+-------+-------+-------+-------+----------------------
         Total | 100.0 | 100.0 |   N/A |   N/A | 100.0 | 1004.8
       Dungeon | 100.0 | 100.0 |   N/A |   N/A | 100.0 | 1004.8
               +-------+-------+-------+-------+-------+----------------------

Table legend: (Time is in decaauts)
 A = Elapsed time spent in this place.
 B = Non-inter-level travel time spent in this place.
 C = Inter-level travel time spent in this place.
 D = Time resting spent in this place.
 E = Time spent auto-exploring this place.
 F = Levels seen in this place.
 G = Mean time per level.
                   A        B        C        D        E       F      G
               +--------+--------+--------+--------+--------+-----+--------+
         Total |  12354 |  11980 |    374 |   1108 |   9675 |   8 | 1544.2 |
       Dungeon |  12354 |  11980 |    374 |   1108 |   9675 |   8 | 1544.2 |
               +--------+--------+--------+--------+--------+-----+--------+

Top non-repeatable levels by time:
     D:6: 2451 daAuts
     D:2: 1900 daAuts
     D:4: 1813 daAuts
     D:1: 1783 daAuts
     D:5: 1336 daAuts
     D:3: 1249 daAuts
     D:8: 959 daAuts
     D:7: 860 daAuts
